 Dungeon Crawl Stone Soup version 0.24-a0-536-gdd4cf15266 (webtiles) character file.

Game seed: 4198273406973091295

502 Delarado the Insei (level 7, -3/64 HPs)
             Began as an Octopode Transmuter on Aug 9, 2019.
             Was a Follower of Cheibriados.
             Slain by a slave (6 damage)
             ... led by Pikel
             ... on level 5 of the Dungeon on Aug 11, 2019.
             The game lasted 00:29:30 (6127 turns).

Delarado the Insei (Octopode Transmuter)            Turns: 6127, Time: 00:29:32

Health: -3/64      AC: 23    Str: 13    XL:     7   Next: 17%
Magic:  7/10       EV:  2    Int: 23    God:    Cheibriados [*.....]
Gold:   143        SH:  0    Dex: 14    Spells: 4/10 levels left

rFire    . . .     SeeInvis +     - Unarmed
rCold    . . .     Gourm    .   (no shield)
rNeg     + + +     Faith    .   (helmet currently unavailable)
rPois    +         Spirit   .   (no amulet)
rElec    .         Reflect  .   o - +3 ring of evasion
rCorr    .         Harm     .   s - ring of see invisible
MR       .....     NoTele   +   (no ring)
Stlth    +.........             (no ring)
HPRegen  0.20/turn              (no ring)
MPRegen  0.12/turn              (no ring)
                                (no ring)
                                (no ring)

@: brilliant, lethally poisoned (-3 -> -4), tree-form, very slow
A: almost no armour, stealthy swim, (amphibious), 8 rings, (constrict 8)
a: Bend Time, Renounce Religion


You were on level 5 of the Dungeon.
You worshipped Cheibriados.
Cheibriados was aware of your devotion.
You were not hungry.
You were a tree.
You visited 2 branches of the dungeon, and saw 6 of its levels.

You collected 143 gold pieces.

Inventory:

Missiles
 a - 12 arrows
 b - 131 stones (quivered)
 e - 2 javelins
 f - a throwing net
 j - 37 poisoned darts
 q - 2 boomerangs
Armour
 d - a +2 hat (melded)
 t - a +0 buckler
Jewellery
 h - an uncursed amulet of inaccuracy
 o - a +3 ring of evasion (left branch)
 s - a ring of see invisible (right branch)
Wands
 k - a wand of random effects (14)
 n - a wand of polymorph (12)
 x - a wand of iceblast (11)
 y - a wand of scattershot (3)
Scrolls
 g - a scroll of teleportation
 r - a scroll of identify
 w - a scroll of remove curse
Potions
 i - 2 potions of curing
 l - a potion of mutation
 m - 2 potions of magic
 p - a potion of resistance
 u - a potion of might
 v - a potion of flight
 A - 2 potions of brilliance
Comestibles
 c - 8 rations


   Skills:
 - Level 1.0 Fighting
 - Level 2.0 Dodging
 - Level 5.5 Unarmed Combat
 - Level 2.0 Spellcasting
 - Level 5.5 Transmutations
 + Level 2.2 Poison Magic


You had 4 spell levels left.
You knew the following spells:

 Your Spells              Type           Power        Failure   Level  Hunger
a - Beastly Appendage     Tmut           #####.       1%          1    #......
b - Sticks to Snakes      Tmut           #####...     1%          2    ##.....
c - Spider Form           Tmut/Pois      ####......   1%          3    ###....

Your spell library contained the following spells:

 Spells                   Type           Power        Failure   Level  Hunger
 Ice Form                 Ice/Tmut       ####....     4%          4    #####..
 Blade Hands              Tmut           #####.....   4%          5    ######.


Dungeon Overview and Level Annotations

Branches:
Dungeon (5/15)             Temple (1/1) D:5

Altars:
Ashenzari
Cheibriados
Dithmenos
Elyvilon
Fedhas
Gozag
Hepliaklqana
Kikubaaqudgha
Makhleb
Nemelex Xobeh
Okawaru
Qazlal
Ru
Sif Muna
Trog
Uskayaw
Vehumet
Wu Jian
Xom
Yredelemnul
Zin
The Shining One

Shops:
D:4 %

Annotations:
D:4 Grinder
D:5 Pikel


Innate Abilities, Weirdness & Mutations

You cannot wear most types of armour.
You are very stealthy in the water. (Stealth+)
((You are amphibious.))
You can wear up to eight rings at the same time.
((You can use your tentacles to constrict eight enemies at once.))
((Your skin changes colour to match your surroundings (Stealth+).))
((Your rubbery body absorbs attacks. (AC +1, EV +1)))


Message History

You pierce Pikel, but do no damage.
Pikel is moderately wounded.
Pikel hits you with a +1 whip of flaming!
* * * LOW HITPOINT WARNING * * *
Pikel burns you.
* * * LOW HITPOINT WARNING * * *
Your adder barely misses Pikel.
Okay, then.
It was a potion of brilliance.
You feel clever all of a sudden. Pikel misses you.
Your adder barely misses Pikel.
The slave barely misses you. The slave completely misses your adder.
Really quaff the potion of lignification?
Your tentacle spike disappears.
You turn into a tree.
Your +2 hat melds into your body.
Your roots penetrate the ground.
You feel sick.
Pikel says, "You'll feel the lick of my whip!"
Pikel hits you but does no damage.
Your adder bites Pikel.
The slave hits your adder! The slave hits you.
You die...

#..........##.......
#..........##.......
#..........##......#
#.........(##.......
#...................
#.(...........>.....
#...(((..)......###.
##(()###.######## #.
#.♣.# #.##### #.


#SKp# #.....# ## ##(pp#######.# #.........(#.# #.##.(...#.#.# #.#......# .#
#.#......#. .# #.#<....... p# #........###p# You could see Pikel, 3 slaves and a
friendly adder.

Vanquished Creatures
  A slave (D:5)
  2 worker ants (D:4)
  Natasha (thrice) (D:2)
  A worker ant zombie (D:5)
  6 gnolls (D:3)
  4 adders
  An ooze (D:1)
  4 worms
  2 dart slugs
  7 leopard geckos
  12 orcs
  6 bats
  3 giant cockroaches
  10 goblins
  8 hobgoblins
  11 jackals
  A quokka (D:4)
  A ball python (D:1)
  3 frilled lizards
  10 kobolds
  5 rats
101 creatures vanquished.

Vanquished Creatures (collateral kills)
  An ogre (D:3)
  A big kobold (D:5)
  2 orc priests (D:4)
  A worm (D:3)
  An orc (D:4)
  A giant cockroach (D:4)
  A ball python (D:4)
  A frilled lizard (D:2)
9 creatures vanquished.

Grand Total: 110 creatures vanquished

Notes
Turn   | Place    | Note
-------+----------+-------------------------------------------
     0 | D:1      | Delarado the Octopode Transmuter began the quest for the
                  | Orb.
     0 | D:1      | Reached XP level 1. HP: 13/13 MP: 3/3
   264 | D:1      | Reached XP level 2. HP: 18/18 MP: 3/5
   392 | D:1      | Reached XP level 3. HP: 23/23 MP: 3/6
   402 | D:1      | Learned a level 2 spell: Sticks to Snakes
  1342 | D:2      | Reached XP level 4. HP: 19/28 MP: 4/7
  1615 | D:2      | Noticed Natasha
  1655 | D:2      | Killed Natasha
  1666 | D:2      | Noticed Natasha
  1863 | D:1      | Upgraded the game from 0.24-a0-530-g18ba70b503 to
                  | 0.24-a0-535-gbb0d440638
  1871 | D:2      | Killed Natasha
  1871 | D:2      | Reached XP level 5. HP: 20/33 MP: 4/8
  2234 | D:2      | Noticed Natasha
  2255 | D:2      | Killed Natasha
  2726 | D:3      | Upgraded the game from 0.24-a0-535-gbb0d440638 to
                  | 0.24-a0-536-gdd4cf15266
  2960 | D:3      | Noticed an ogre
  3159 | D:3      | You fall into a shaft and drop 1 floor!
  3171 | D:4      | Found a snail-covered altar of Cheibriados.
  3195 | D:4      | Noticed Grinder
  3251 | D:4      | Reached skill level 5 in Unarmed Combat
  3270 | D:4      | Reached XP level 6. HP: 35/38 MP: 6/9
  3750 | D:5      | Entered Level 5 of the Dungeon
  3772 | D:5      | Found a staircase to the Ecumenical Temple.
  3787 | Temple   | Entered the Ecumenical Temple
  4163 | D:5      | Noticed a slave
  4423 | D:5      | Noticed a slave
  4423 | D:5      | Noticed a slave
  4547 | D:4      | Became a worshipper of Cheibriados the Contemplative
  4725 | D:3      | Reached skill level 5 in Transmutations
  4746 | D:3      | HP: 1/38 [frilled lizard (1)]
  5591 | D:3      | Found a shimmering altar of Xom.
  5724 | D:3      | Reached XP level 7. HP: 39/43 MP: 8/10
  5729 | D:3      | Reached * piety under Cheibriados
  5806 | D:3      | Learned a level 3 spell: Spider Form
  5945 | D:4      | Found Dongy's Food Emporium.
  6115 | D:5      | Noticed Pikel
  6125 | D:5      | HP: 2/43 [Pikel/+1 whip of flaming (2)]
  6127 | D:5      | Slain by a slave

Levels and vault maps discovered:
D:1:      ncdulo_watergridlock, layout_loops_corners, minivault_4,
          chequers_big_river
D:2:      layout_basic, uniq_natasha
D:3:      layout_rooms, old_standard_altar, hex_large
D:4:      layout_cave_pools, nicolae_overflow_hidden_temple, first_ration,
          serial_shops, nicolae_shop_behind_doors, uniq_grinder
D:5:      layout_basic, minmay_temple_entry_grid, lexackson_kobold_supper,
          uniq_pikel, uniq_sigmund
Temple:   regret_index_temple_chain_breaker

Skill      XL: |  1  2  3  4  5  6  7 |
---------------+----------------------+-----
Transmutations | 3 4 5 |  5.5
Unarmed Combat | 4 5 |  5.5
Poison Magic   | 2 |  2.2
Fighting       | |  1.0
Dodging        | |  2.0
Spellcasting   | |  2.0

Action                   |  1- 3 |  4- 6 |  7- 9 || total
-------------------------+-------+-------+-------++-------
Melee: Unarmed           |    73 |   161 |    16 ||   250
       Constrict         |    19 |    38 |     5 ||    62
       Kick              |    16 |    36 |     4 ||    56
       Tentacles         |     8 |    22 |     1 ||    31
       Punch             |       |     9 |     1 ||    10
Throw: Stone             |    12 |    54 |     1 ||    67
 Cast: Beastly Appendage |    20 |    40 |     1 ||    61
       Sticks to Snakes  |     1 |    20 |     1 ||    22
Invok: Bend Time         |       |       |     1 ||     1
  Use: Scroll            |     1 |    11 |       ||    12
       Potion            |       |     1 |     2 ||     3
 Stab: Distracted        |       |     1 |       ||     1
       Sleeping          |       |     1 |       ||     1
  Eat: Chunk             |     2 |    13 |       ||    15
       Ration            |       |     1 |       ||     1
Armor: Skin              |    16 |    16 |     1 ||    33
Dodge: Dodged            |    43 |   101 |    12 ||   156

Table legend:
 A = Non-vault XP
 B = Vault XP
 C = Vault XP percentage of total XP
 D = Non-vault monster count
 E = Vault monster count
 F = Vault count percentage of total count
                 A         B        C        D         E       F
            +---------+---------+-------+---------+---------+-------
      Total |     587 |     131 |  18.2 |     105 |       4 |   3.7
            +---------+---------+-------+---------+---------+-------
        D:1 |      55 |       0 |   0.0 |      27 |       0 |   0.0
        D:2 |     132 |      34 |  20.5 |      21 |       1 |   4.5
        D:3 |     208 |       0 |   0.0 |      35 |       0 |   0.0
        D:4 |     169 |       0 |   0.0 |      19 |       0 |   0.0
        D:5 |      23 |      97 |  80.8 |       3 |       3 |  50.0
            +---------+---------+-------+---------+---------+-------
